Map: Ley Lines

Players

Vaisravana - Winner!

  • Race: Zerg Zerg
  • Spawn Location: 1:00

hiyokoeru

  • Race: Protoss Protoss
  • Spawn Location: 7:00

VOD

Have the link to the VOD?

Description

Time

  • Played on: May 27, 2025, 4:24 p.m.
  • Length: 20:42
Show
View Real Time Build Order
Export as new Build Order

Vaisravana Zerg - Winner!

Build Orders: Pool First, Swarm Host 

Get SALT Encoding   

  12  0:00  Drone  
  13  0:12  Overlord  
  13  0:16  Drone  
  14  0:30  Drone x2  
  16  0:40  Spawning Pool  
  15  0:44  Drone  
  15  0:47  Drone  
  17  1:08  Hatchery  
  17  1:10  Drone  
  17  1:13  Extractor  
  16  1:26  Zergling x2  
  16  1:27  Zergling x2  
  16  1:28  Zergling x2  
  19  1:34  Queen  
  19  1:39  Drone  
  22  1:51  Overlord  
  22  2:09  Queen  
  22  2:11  Drone x2  
  22  2:13  Metabolic Boost  
  26  2:26  Drone x2  
  28  2:32  Drone x2  
  30  2:40  Queen  
  32  2:48  Drone  
  33  2:51  Lair  
  33  2:58  Overlord  
  33  3:07  Drone, Extractor  
  33  3:11  Drone x3  
  36  3:30  Drone x3  
  39  3:41  Drone  
  39  3:42  Drone x4  
  43  4:01  Nydus Network  
  42  4:04  Infestation Pit  
  42  4:05  Drone x2, Extractor  
  42  4:06  Drone  
  42  4:07  Extractor  
  42  4:08  Spore Crawler  
  42  4:09  Spore Crawler  
  40  4:11  Drone  
  40  4:12  Drone x2  
  43  4:19  Overlord x2  
  43  4:20  Overlord  
  43  4:35  Drone  
  43  4:36  Overlord, Drone  
  43  4:45  Swarm Host x4  
  43  4:51  Drone x2  
  57  4:57  Nydus Canal  
  57  5:05  Swarm Host x2  
  63  5:35  Overlord x2  
  63  5:38  Nydus Canal  
  63  5:39  Overlord, Swarm Host x4  
  63  5:41  Overlord  
  75  5:47  Overlord x2  
  75  6:05  Swarm Host x3  
  75  6:07  Drone  
  75  6:08  Drone x2  
  87  6:27  Drone x4, Evolution Chamber  
  87  6:29  Overlord, Swarm Host  
  96  6:52  Spine Crawler x3  
  96  6:53  Spine Crawler  
  92  6:57  Swarm Host x2  
  101  7:18  Spine Crawler  
  101  7:22  Spine Crawler  
  99  7:43  Drone  
  99  7:44  Drone x7  
  107  7:56  Zerg Missile Weapons Level 1  
  122  8:16  Hatchery  
  115  8:36  Queen  
  115  8:37  Hatchery  
  116  9:01  Queen  
  114  9:12  Queen  
  114  9:13  Swarm Host  
  113  9:37  Queen  
  115  9:39  Overlord x2  
  116  9:50  Hatchery  
  115  9:53  Overlord  
  115  9:57  Queen  
  117  10:01  Nydus Canal  
  117  10:06  Zerg Missile Weapons Level 2  
  117  10:13  Queen  
  119  10:29  Overlord x2  
  119  10:31  Spire  
  119  10:32  Queen  
  119  10:34  Drone x3  
  119  10:35  Drone x4  
  127  10:40  Nydus Canal  
  127  10:44  Overlord x2  
  127  10:49  Queen  
  129  11:03  Hatchery  
  128  11:09  Burrow  
  128  11:12  Nydus Canal  
  128  11:15  Drone x2  
  128  11:16  Drone x16, Extractor x2  
  144  11:21  Spore Crawler  
  144  11:24  Queen x2  
  147  11:26  Spine Crawler  
  147  11:27  Spine Crawler  
  145  11:38  Overseer x2  
  145  12:04  Zerg Flyer Weapons Level 1  
  145  12:08  Mutalisk x2  
  145  12:09  Mutalisk x10  
  145  12:14  Mutalisk x3  
  175  12:22  Spine Crawler x2  
  174  12:25  Nydus Canal  
  173  12:31  Mutalisk  
  173  12:33  Overlord x3  
  167  12:56  Mutalisk x5  
  167  12:57  Mutalisk x4  
  170  12:58  Drone x2  
  170  12:59  Drone x5  
  170  13:00  Drone  
  152  13:16  Drone  
  152  13:17  Drone x2  
  124  14:02  Drone x3  
  122  14:03  Drone x14  
  122  14:04  Drone  
  111  15:14  Mutalisk x7  
  111  15:15  Mutalisk x2  
  122  15:45  Mutalisk x4  
  130  16:09  Hatchery  
  129  16:13  Mutalisk x6, Hatchery  
  110  17:27  Drone  
  111  17:44  Drone x3  
  110  18:10  Overlord x2  
  105  19:00  Drone x11  
  105  19:01  Drone  
  105  19:02  Drone x2  
  108  19:26  Drone x2  
  110  19:32  Hatchery  
  99  19:54  Spawning Pool  
  99  19:55  Drone x3  
  99  19:57  Drone  
  99  19:58  Drone  
Show
View Real Time Build Order
Export as new Build Order

hiyokoeru Protoss 

Build Orders: Oracle Opening 

Get SALT Encoding   

  12  0:00  Probe  
  13  0:12  Probe  
  14  0:18  Pylon  
  14  0:25  Probe  
  15  0:37  Probe  
  15  0:40  Gateway  
  16  0:45  Assimilator, Probe  
  17  0:53  Probe  
  17  1:03  Probe  
  19  1:15  Probe  
  20  1:27  Probe  
  20  1:28  Zealot  
  23  1:37  Cybernetics Core  
  23  1:38  Pylon  
  23  1:58  Nexus  
  23  2:01  Probe  
  23  2:03  Adept  
  24  2:13  Probe  
  27  2:25  Probe  
  28  2:30  Pylon  
  28  2:34  Adept  
  30  2:37  Probe  
  31  2:49  Probe, Stargate  
  32  2:53  Assimilator  
  32  3:02  Probe  
  33  3:12  Probe  
  34  3:14  Probe  
  35  3:21  Warp Gate  
  35  3:23  Oracle  
  35  3:24  Probe  
  35  3:26  Probe  
  40  3:39  Stalker  
  41  3:41  Probe x2  
  41  3:42  Shield Battery  
  44  3:51  Pylon  
  44  3:53  Probe  
  45  4:00  Nexus  
  45  4:08  Probe x2  
  47  4:14  Twilight Council  
  47  4:20  Probe  
  47  4:21  Probe  
  49  4:32  Probe  
  49  4:34  Probe  
  51  4:40  Stalker  
  57  4:50  Charge  
  57  4:51  Void Ray  
  57  4:54  Pylon, Probe x2  
  59  5:03  Shield Battery  
  59  5:10  Gateway  
  59  5:13  Gateway  
  59  5:14  Gateway  
  59  5:16  Shield Battery  
  59  5:17  Probe  
  60  5:28  Void Ray, Probe  
  65  5:40  Zealot  
  65  5:41  Probe  
  68  5:49  Assimilator  
  68  5:53  Assimilator  
  68  5:55  Probe x2  
  70  5:57  Probe  
  71  6:07  Pylon, Probe  
  71  6:09  Gateway  
  71  6:10  Gateway  
  72  6:11  Gateway  
  72  6:12  Probe  
  72  6:15  Pylon  
  73  6:19  Shield Battery  
  73  6:22  Shield Battery  
  73  6:23  Void Ray  
  70  6:26  Probe  
  70  6:32  Probe  
  76  6:37  Zealot  
  78  6:41  Probe  
  79  6:48  Nexus  
  79  6:51  Zealot  
  79  6:52  Zealot x2  
  83  7:01  Probe  
  83  7:02  Probe  
  82  7:14  Probe x2  
  84  7:22  Pylon  
  84  7:26  Probe  
  84  7:27  Forge  
  84  7:29  Zealot  
  85  7:34  Pylon  
  85  7:36  Pylon, Probe  
  86  7:38  Pylon  
  86  7:40  Probe  
  87  7:47  Zealot  
  87  7:48  Zealot x3  
  87  7:49  Void Ray  
  87  7:50  Probe  
  93  7:56  Probe  
  88  8:06  Probe x2  
  90  8:16  Zealot, Probe  
  90  8:17  Zealot x4  
  101  8:21  Probe  
  90  8:39  Probe x2  
  92  8:45  Probe  
  93  8:51  Probe  
  94  9:01  Zealot x6  
  94  9:02  Zealot  
  105  9:07  Probe  
  105  9:14  Probe  
  104  9:20  Probe  
  105  9:32  Probe x2  
  105  9:34  Assimilator  
  107  9:40  Templar Archives, Assimilator  
  107  9:44  Probe  
  106  9:49  Probe  
  106  9:52  Zealot x3  
  109  9:59  Probe  
  110  10:04  Nexus  
  110  10:05  Pylon  
  110  10:08  Pylon  
  110  10:16  Photon Cannon  
  110  10:17  Photon Cannon  
  110  10:21  Photon Cannon  
  110  10:22  Pylon, Photon Cannon  
  110  10:23  Probe x2  
  110  10:24  Pylon  
  110  10:26  Pylon  
  110  10:28  Pylon  
  112  10:35  Probe  
  110  10:36  Probe  
  111  10:45  Psionic Storm  
  111  10:47  Probe  
  111  10:48  Probe  
  113  10:52  Nexus  
  113  10:53  High Templar x7  
  123  11:11  Probe  
  124  11:23  Protoss Ground Weapons Level 1  
  124  11:25  Gateway x2  
  124  11:26  Pylon  
  124  11:28  Gateway  
  124  11:31  High Templar  
  124  11:32  High Templar x3  
  132  11:33  Gateway  
  132  11:36  Archon x2  
  132  11:37  Archon  
  130  11:47  Zealot  
  130  11:48  Zealot x2  
  130  11:49  Probe x2  
  130  11:50  Probe  
  139  11:54  Assimilator  
  139  11:59  Robotics Facility  
  139  12:01  Probe  
  140  12:13  Pylon  
  140  12:16  Shield Battery  
  140  12:18  Photon Cannon x2  
  140  12:19  Zealot x7  
  146  12:53  Stalker  
  146  12:54  Stalker x3  
  150  13:04  Probe  
  138  13:05  High Templar x2  
  138  13:06  High Templar  
  114  13:27  High Templar x3  
  114  13:30  Archon  
  114  13:32  Archon  
  114  13:33  Archon  
  102  13:47  Archon  
  93  13:53  High Templar x2  
  93  13:55  Zealot x2  
  87  14:19  High Templar  
  87  14:20  High Templar  
  91  14:24  Archon  
  91  14:26  Probe x2  
  93  14:32  Photon Cannon  
  93  14:36  Pylon  
  93  14:37  Pylon  
  93  14:40  Zealot  
  95  14:51  Gateway  
  94  14:53  Gateway  
  94  14:55  Gateway  
  94  15:00  Gateway  
  93  15:13  High Templar  
  79  15:30  Probe  
  80  15:46  High Templar, Stalker  
  80  15:47  Stalker  
  86  15:53  Zealot  
  86  15:54  Zealot  
  89  15:57  Archon  
  88  16:20  Zealot x3  
  72  17:40  Pylon  
  72  17:42  Pylon  
  72  17:44  Pylon  
  72  17:45  Pylon  
  72  17:46  Pylon  
  44  18:02  Probe  
  33  18:19  Forge  
  31  18:20  Zealot  
  31  18:21  Pylon, Zealot x2  
  37  18:31  Probe  
  25  18:43  Probe  
  26  18:55  Probe  
  25  18:56  Photon Cannon  
  25  18:57  Photon Cannon  
  25  18:58  Photon Cannon  
  25  19:00  Photon Cannon  
  25  19:02  Photon Cannon  
  25  19:05  Pylon x2  
  25  19:07  Probe  
  24  19:17  Pylon  
  24  19:19  Probe  
  25  19:26  Cybernetics Core  
  22  19:52  Zealot x3  
  22  19:53  Zealot  
  22  19:55  Probe  
  31  20:07  Probe  
  31  20:09  Photon Cannon  
  31  20:10  Photon Cannon  
  31  20:12  Photon Cannon  
  32  20:14  Photon Cannon  
  32  20:16  Shield Battery  
  32  20:18  Shield Battery  
  32  20:19  Probe  
Tags
 
Add a new tag
Caveats
  • Supply blocks, unpowered buildings, or Contaminate may cause inaccurate times.
  • Supply counts are checked every 10 seconds.